 Dungeon Crawl Stone Soup version 0.30-a0-986-g7f2e898f52 (webtiles) character file.

Game seed: 6620327302689568527

1425 Newt the Shooter (level 8, -1/60 HPs)
             Began as a Demonspawn Gladiator on Apr 1, 2023.
             Killed from afar by Pikel (19 damage)
             ... with a bolt of acid
             ... on level 5 of the Dungeon.
             The game lasted 00:06:48 (3681 turns).

Newt the Shooter (Demonspawn Gladiator)             Turns: 3681, Time: 00:06:48

Health: -1/60      AC:  6    Str: 22    XL:     8   Next: 44%
Magic:  8/8        EV: 14    Int: 10    God:
Gold:   215        SH:  0    Dex: 18    Spells: 7/7 levels left

rFire   . . .      SeeInvis .    q - +5 shortbow of Currency {flame, Will+ Dex+3 Stlth+}
rCold   . . .      Faith    .    (shield currently unavailable)
rNeg    . . .      Spirit   .    w - +2 leather armour {rF+}
rPois   .          Reflect  .    (helmet restricted)
rElec   .          Rampage  .    (no cloak)
rCorr   .                        (no gloves)
Will    +....                    (no boots)
Stlth   ++                       (no amulet)
HPRegen 2.30/turn                s - +6 ring of strength
MPRegen 0.11/turn                (no ring)

@: hasted, very quick
A: powered by death 2, horns 1, shaggy fur 1, heat vulnerability 1
a: no special abilities


You were on level 5 of the Dungeon.
You visited 1 branch of the dungeon, and saw 5 of its levels.

You collected 215 gold pieces.

Inventory:

Hand Weapons
 a - a +0 rapier
 q - the +5 shortbow of Currency (weapon) {flame, Will+ Dex+3 Stlth+}
   (You found it on level 3 of the Dungeon)

   Dex:       It affects your dexterity (+3).
   Will:      It increases your willpower.
   Stlth:     It makes you more stealthy.
Missiles
 d - 4 throwing nets
 e - 5 javelins
 f - 44 stones
 p - 3 poisoned darts
 x - 5 boomerangs
Armour
 b - a +0 leather armour
 c - a +0 helmet
 w - a +2 leather armour of fire resistance (worn)
Jewellery
 s - a +6 ring of strength (left hand)
Scrolls
 h - a scroll of teleportation
 n - a scroll of vulnerability
 o - 3 scrolls of blinking
 t - a scroll of brand weapon {unknown}
 v - a scroll of poison {unknown}
 y - a scroll of torment {unknown}
 z - a scroll of immolation {unknown}
Potions
 g - a potion of brilliance {unknown}
 i - a potion of degeneration
 j - a potion of haste
 k - 2 potions of curing
 m - a potion of lignification
 r - a potion of might {unknown}
 u - a potion of cancellation {unknown}
 A - a potion of ambrosia {unknown}
 B - a potion of flight {unknown}


   Skills:
 - Level 4.0 Fighting
 - Level 3.5 Short Blades
 + Level 7.5 Ranged Weapons
 - Level 1.7 Throwing
 - Level 5.0 Dodging


You had 7 spell levels left.
You didn't know any spells.
Your spell library contained the following spells:

 Spells                   Type           Power      Damage    Failure   Level
 Apportation              Tloc           0%         N/A       41%         1
 Magic Dart               Conj           0%         1d3       41%         1
 Necrotise                Necr           0%         1d4       41%         1
 Summon Small Mammal      Summ           0%         N/A       41%         1
 Blink                    Tloc           0%         N/A       54%         2
 Lesser Beckoning         Tloc           0%         N/A       54%         2
 Momentum Strike          Conj/Tloc      0%         3d8       54%         2
 Searing Ray              Conj           0%         2d4       54%         2
 Ignite Poison            Fire/Tmut/Pois 0%         N/A       78%         3
 Kindle Blastsparks       Fire/Tloc/Air  0%         2d10      78%         3
 Fulminant Prism          Conj/Hex       0%         3d5       99%         4
 Alistair's Intoxication  Tmut/Pois      0%         N/A       100%        5
 Freezing Cloud           Conj/Ice/Air   0%         6-21      100%        5


Dungeon Overview and Level Annotations

Branches:
Dungeon (5/15)
 Temple: D:4-7

Altars:
Kikubaaqudgha
Okawaru

Annotations:
D:5 Pikel


Innate Abilities, Weirdness & Mutations

You regenerate health from kills.
You have a pair of small horns on your head.
You are covered in fur. (AC +1)
You are vulnerable to heat. (rF-)


Message History

Duvessa hits you with a +0 short sword.
Fire: q) +5 shortbow of Currency {flame, Will+ Dex+3 Stlth+}
Press: ? - help, Shift-Dir - straight line, f/p - Duvessa
Aim: Duvessa, wielding a +0 short sword and wearing a +0 leather armour (almost dead, 73% to hit)
You shoot an arrow.
The arrow hits Duvessa but does no damage.
Duvessa is almost dead.
You hear a shout!
Duvessa hits you with a +0 short sword!
* * * LOW HITPOINT WARNING * * *
Unknown command.
Fire: q) +5 shortbow of Currency {flame, Will+ Dex+3 Stlth+}
Press: ? - help, Shift-Dir - straight line, f/p - Duvessa
Aim: Duvessa, wielding a +0 short sword and wearing a +0 leather armour (almost dead, 73% to hit)
You shoot an arrow. The arrow hits Duvessa.
The arrow burns Duvessa.
You kill Duvessa!
Dowan's eyes darken. "You have made a black mistake."
Dowan seems to find hidden reserves of power!
A lemure comes into view.
Unknown command.
You aren't carrying any items that you can evoke.
Unknown command.
You aren't carrying any items that you can evoke.
Fire: q) +5 shortbow of Currency {flame, Will+ Dex+3 Stlth+}
Press: ? - help, Shift-Dir - straight line, f - Pikel
Aim: Pikel, wielding a +0 whip of flaming, wearing a +0 robe and carrying a wand of acid (2) (65% to hit)
You feel yourself speed up.
Dowan mumbles some strange words.
Dowan blinks!
Pikel hits you with a +0 whip of flaming.
* * * LOW HITPOINT WARNING * * *
Pikel burns you.
* * * LOW HITPOINT WARNING * * *
Dowan completely misses you.
You shoot an arrow. The arrow hits Dowan!
The arrow burns Dowan.
You kill Dowan!
You are no longer glowing.
Unknown command.
Pikel zaps a wand.
The bolt of acid hits you!!
You die...

#.. ... #######.#
###.....#)#
#....##.#.#
#.........#
##<........#
#.†......#@#
#.....####.########
#........#K#......#
#........#5#......#
#........#5#...[..##.
#........#.#.........
#......).#.#......5..
#........)..##.!#...
##########.)......(.


You could see Pikel and 2 lemures.

Vanquished Creatures
  Grinder (D:4)
  A shadow (D:5)
  Duvessa (D:5)
  An ogre (D:4)
  2 black bears (D:5)
  2 lemures (D:5)
  Blork the orc (D:4)
  A scorpion (D:4)
  Dowan (D:5)
  A howler monkey (D:5)
  2 jellies
  An orc priest (D:3)
  A gnoll bouda (D:4)
  4 sleepcaps
  An orc wizard (D:4)
  8 gnolls
  2 adders
  4 worms
  7 dart slugs
  17 orcs
  6 bats
  10 endoplasms
  3 giant cockroaches
  10 goblins
  12 hobgoblins
  5 jackals
  4 quokkas
  9 ball pythons
  8 frilled lizards
  7 kobolds
  5 rats
138 creatures vanquished.

Vanquished Creatures (others)
  A human (D:3)
  6 plants (D:3)
7 creatures vanquished.

Grand Total: 145 creatures vanquished

Notes
Turn   | Place    | Note
-------+----------+-------------------------------------------
     0 | D:1      | Newt the Demonspawn Gladiator began the quest for the Orb.
     0 | D:1      | Reached XP level 1. HP: 16/16 MP: 1/1
    95 | D:1      | Gained mutation: You regenerate a little health from kills.
                  | [demonic ancestry]
    95 | D:1      | Reached XP level 2. HP: 24/24 MP: 2/2
   218 | D:1      | Reached XP level 3. HP: 29/29 MP: 3/3
  1309 | D:2      | Gained mutation: You regenerate health from kills. [demonic
                  | ancestry]
  1309 | D:2      | Reached XP level 4. HP: 35/37 MP: 4/4
  2253 | D:3      | Identified the +5 shortbow of Currency {flame, Will+ Dex+3
                  | Stlth+}
  2275 | D:3      | Gained mutation: You have hidden genetic defects. [potion
                  | of mutation]
  2275 | D:3      | Gained mutation: Your muscles are strong. (Str +4, Int/Dex
                  | -1) [potion of mutation]
  2276 | D:3      | Lost mutation: You have hidden genetic defects. [potion of
                  | mutation]
  2276 | D:3      | Lost mutation: Your muscles are strong. (Str +4, Int/Dex
                  | -1) [potion of mutation]
  2276 | D:3      | Gained mutation: You are vulnerable to heat. (rF-) [potion
                  | of mutation]
  2276 | D:3      | Gained mutation: You have a pair of small horns on your
                  | head. [potion of mutation]
  2276 | D:3      | Gained mutation: You are covered in fur. (AC +1) [potion of
                  | mutation]
  2421 | D:3      | Reached skill level 1 in Ranged Weapons
  2510 | D:3      | Found an ancient bone altar of Kikubaaqudgha.
  2510 | D:3      | Noticed a human
  2513 | D:3      | Killed a human
  2533 | D:3      | Reached skill level 2 in Ranged Weapons
  2533 | D:3      | Reached XP level 5. HP: 42/42 MP: 5/5
  2589 | D:3      | Found an iron altar of Okawaru.
  2736 | D:4      | Noticed Blork the orc
  2744 | D:4      | Killed Blork the orc
  2745 | D:4      | Reached skill level 3 in Ranged Weapons
  2864 | D:4      | Reached XP level 6. HP: 48/48 MP: 6/6
  2895 | D:4      | Reached skill level 4 in Ranged Weapons
  2982 | D:4      | Noticed Grinder
  2994 | D:4      | Killed Grinder
  2995 | D:4      | Reached skill level 5 in Ranged Weapons
  2995 | D:4      | Reached XP level 7. HP: 54/54 MP: 7/7
  3075 | D:4      | Reached skill level 6 in Ranged Weapons
  3471 | D:5      | Entered Level 5 of the Dungeon
  3516 | D:5      | Noticed a shadow
  3517 | D:5      | Reached skill level 5 in Dodging
  3517 | D:5      | Reached XP level 8. HP: 60/60 MP: 8/8
  3540 | D:5      | Reached skill level 7 in Ranged Weapons
  3657 | D:5      | Noticed Dowan
  3657 | D:5      | Noticed Duvessa
  3663 | D:5      | Noticed Pikel
  3676 | D:5      | Killed Duvessa
  3680 | D:5      | Killed Dowan
  3681 | D:5      | Killed from afar by Pikel

Illustrated notes

Levels and vault maps discovered:
D:1:      saegor_arrival_fortress, layout_loops_ring
D:2:      layout_basic, basic_altar, minmay_between
D:3:      layout_basic, overflow_temple_1_default, tgw_kikubaaqudgha,
          serial_bayou_pond_c, serial_bayou_ford_a
D:4:      kennysheep_six_static_rooms, layout_cave_pods, uniq_grinder,
          uniq_blork_the_orc
D:5:      wander_guarded_unrand_ratskin, layout_basic, minmay_bent,
          uniq_duvessa, uniq_pikel

Skill      XL: |  1  2  3  4  5  6  7  8 |
---------------+-------------------------+-----
Fighting       | 3 4 |  4.0
Short Blades   | 3 |  3.5
Ranged Weapons | 2 3 5 6 7 |  7.5
Dodging        | 5 |  5.0
Throwing       | |  1.7

Action                     |  1- 3 |  4- 6 |  7- 9 || total
---------------------------+-------+-------+-------++-------
  Melee: Rapier            |   142 |    77 |       ||   219
         Punch             |     2 |       |       ||     2
   Fire: Shortbow          |       |    91 |   120 ||   211
  Throw: Stone             |       |     1 |       ||     1
    Use: Scroll            |       |     8 |     1 ||     9
         Potion            |       |     2 |     1 ||     3
   Stab: Sleeping          |       |     1 |       ||     1
 Armour: Leather armour    |    50 |    25 |    11 ||    86
  Dodge: Dodged            |    80 |    69 |    45 ||   194

Table legend: (Time is in decaauts)
 A = Elapsed time spent in this place.
 B = Non-inter-level travel time spent in this place.
 C = Inter-level travel time spent in this place.
 D = Time resting spent in this place.
 E = Time spent auto-exploring this place.
 F = Levels seen in this place.
 G = Mean time per level.
                   A        B        C        D        E       F      G
               +--------+--------+--------+--------+--------+-----+--------+
         Total |   3765 |   3652 |    113 |    191 |   2651 |   5 |  753.0 |
       Dungeon |   3765 |   3652 |    113 |    191 |   2651 |   5 |  753.0 |
               +--------+--------+--------+--------+--------+-----+--------+

Top non-repeatable levels by time:
     D:2: 1107 daAuts
     D:1: 977 daAuts
     D:4: 770 daAuts
     D:3: 688 daAuts
     D:5: 221 daAuts
